TOP OF THE 1ST |
Albuquerque Isotopes batting - Pitching for Santa Monica Bruins : LHP Sloan Sanders
|
Pitching: LHP Sloan Sanders
|
|
Batting: RHB Gonzalo Gil
|
0-0: Ball 1-0: Foul Ball, location: 2F 1-1: Fly out, F9 (Flyball, 9LSF)
|
Batting: SHB Clint Woods
|
0-0: Called Strike 0-1: Ball 1-1: Called Strike 1-2: SINGLE (Groundball, 6) (infield hit)
|
Batting: RHB Nick Harris
|
0-0: Ball 1-0: SINGLE (Line Drive, 4D) Clint Woods to second
|
Batting: RHB Will Lott
|
0-0: Called Strike 0-1: Ball 1-1: 3-RUN HOME RUN (Flyball, 7D), Distance : 356 ft
|
Batting: LHB Bernardo Montés
|
0-0: Ground out U3 (Groundball, 34)
|
Batting: LHB Fernando Ortíz
|
0-0: Swinging Strike 0-1: Swinging Strike 0-2: Strikes out looking
|
Top of the 1st over - 3 run(s), 3 hit(s), 0 error(s), 0 left on base; Albuquerque 3 - Santa Monica 0 |
BOTTOM OF THE 1ST |
Santa Monica Bruins batting - Pitching for Albuquerque Isotopes : RHP Francisco Álvarez
|
Pitching: RHP Francisco Álvarez
|
|
Batting: LHB Francisco Medina
|
0-0: Called Strike 0-1: Fly out, F8 (Flyball, 8LM)
|
Batting: RHB Roberto Cruz
|
0-0: Foul Ball, location: 2F 0-1: Ball 1-1: Ground out 5-3 (Groundball, 56)
|
Batting: RHB Alfredo López
|
0-0: Ball 1-0: Ball 2-0: Foul Ball, location: 2F 2-1: Ball 3-1: Fly out, F4 (Popup, 4S)
|
Bottom of the 1st over - 0 run(s), 0 hit(s), 0 error(s), 0 left on base; Albuquerque 3 - Santa Monica 0 |
TOP OF THE 2ND |
Albuquerque Isotopes batting - Pitching for Santa Monica Bruins : LHP Sloan Sanders
|
Batting: LHB José González
|
0-0: Called Strike 0-1: Ball 1-1: Ball 2-1: Swinging Strike 2-2: SINGLE (Groundball, 34D)
|
Batting: RHB Sam Wallace
|
0-0: Ball Wild Pitch! José González to second 1-0: Ball 2-0: Ball 3-0: Called Strike 3-1: Base on Balls
|
Batting: RHB Dave Mullen
|
0-0: Ball 1-0: Called Strike 1-1: Reached on error, E5 (Groundball, 56S) José González scores Sam Wallace to third
|
Batting: RHB Gonzalo Gil
|
0-0: Foul Ball, location: 2F 0-1: Swinging Strike 0-2: Ball 1-2: Foul Ball, location: 2F 1-2: Foul Ball, location: 2F 1-2: Foul Ball, location: 2F 1-2: Ground out 6-3 (Groundball, 6S) Sam Wallace scores Dave Mullen to third
|
Batting: SHB Clint Woods
|
0-0: Foul Ball, location: 2F 0-1: Foul Ball, location: 2F 0-2: Strikes out swinging
|
Batting: RHB Nick Harris
|
0-0: Ball 1-0: Swinging Strike 1-1: Foul Ball, location: 2F 1-2: Ball 2-2: Foul Ball, location: 2F 2-2: Ball 3-2: Fly out, F7 (Flyball, 7)
|
Top of the 2nd over - 2 run(s), 1 hit(s), 1 error(s), 1 left on base; Albuquerque 5 - Santa Monica 0 |
BOTTOM OF THE 2ND |
Santa Monica Bruins batting - Pitching for Albuquerque Isotopes : RHP Francisco Álvarez
|
Batting: SHB Ken Hernández
|
0-0: Ball 1-0: SOLO HOME RUN (Flyball, 78XD), Distance : 400 ft
|
Batting: RHB Johnny Williams
|
0-0: Called Strike 0-1: Foul Ball, location: 2F 0-2: Foul Ball, location: 2F 0-2: Ball 1-2: Foul Ball, location: 2F 1-2: Ball 2-2: Fly out, F4 (Popup, 4)
|
Batting: LHB Ramiro Martínez
|
0-0: Ball 1-0: Ball 2-0: Foul Ball, location: 2F 2-1: Foul Ball, location: 2F 2-2: Ball 3-2: Base on Balls
|
Batting: SHB Chris Woods
|
0-0: Called Strike 0-1: Ball 1-1: SINGLE (Flyball, 9LS) Ramiro Martínez to second Runner from 2nd tries for 3rd, SAFE, throw made to third
|
Batting: RHB Ernest Russell
|
0-0: Ball 1-0: Foul Ball, location: 2F 1-1: Foul Ball, location: 2F 1-2: Foul Ball, location: 2F 1-2: Ball 2-2: SINGLE (Groundball, 3D) Ramiro Martínez scores Chris Woods to second Runner from 2nd tries for 3rd, SAFE, throw made to third Ernest Russell to second
|
Batting: RHB Bonifacio Torres
|
0-0: SINGLE (Groundball, 6M) (infield hit) Chris Woods scores Ernest Russell to third
|
Batting: LHB Francisco Medina
|
0-0: Ball 1-0: Swinging Strike 1-1: Swinging Strike 1-2: Ball 2-2: Fly out, F9 (Line Drive, 9) Runner from 3rd tags up, SCORES, no throw
|
Batting: RHB Roberto Cruz
|
0-0: Called Strike 0-1: Ball 1-1: SINGLE (Groundball, 6MD) Bonifacio Torres to second
|
Batting: RHB Alfredo López
|
0-0: Called Strike 0-1: Fielders Choice at 2nd, 5-4 (Groundball, 56)
|
Bottom of the 2nd over - 4 run(s), 5 hit(s), 0 error(s), 1 left on base; Albuquerque 5 - Santa Monica 4 |
TOP OF THE 3RD |
Albuquerque Isotopes batting - Pitching for Santa Monica Bruins : LHP Sloan Sanders
|
Batting: RHB Will Lott
|
0-0: Ball 1-0: Called Strike 1-1: Called Strike 1-2: Ball 2-2: Foul Ball, location: 2F 2-2: Strikes out swinging
|
Batting: LHB Bernardo Montés
|
0-0: Called Strike 0-1: Ball 1-1: Ball 2-1: Ball 3-1: SINGLE (Groundball, 34D)
|
Batting: LHB Fernando Ortíz
|
0-0: Ball 1-0: Ball 2-0: Ball 3-0: Called Strike 3-1: Base on Balls Bernardo Montés to second
|
Pitching: LHP Nesto Pérez
|
|
Batting: LHB José González
|
0-0: Ball 1-0: Foul Ball, location: 2F 1-1: Ball 2-1: Called Strike 2-2: Ball 3-2: Base on Balls Bernardo Montés to third Fernando Ortíz to second
|
Batting: RHB Sam Wallace
|
0-0: Ball 1-0: Ball 2-0: Foul Ball, location: 2F 2-1: Foul Ball, location: 2F 2-2: Foul Ball, location: 2F 2-2: Fly out, F8 (Flyball, 89S) Lined into DP, 8-5 (Flyball, 89S)
|
Top of the 3rd over - 0 run(s), 1 hit(s), 0 error(s), 2 left on base; Albuquerque 5 - Santa Monica 4 |
BOTTOM OF THE 3RD |
Santa Monica Bruins batting - Pitching for Albuquerque Isotopes : RHP Francisco Álvarez
|
Batting: SHB Ken Hernández
|
0-0: Ball 1-0: Ground out 3-1 (Groundball, 2R)
|
Batting: RHB Johnny Williams
|
0-0: Called Strike 0-1: Foul Ball, location: 2F 0-2: Ground out U3 (Groundball, 34)
|
Batting: LHB Ramiro Martínez
|
0-0: Ball 1-0: Ball 2-0: Ground out 4-3 (Groundball, 4)
|
Bottom of the 3rd over - 0 run(s), 0 hit(s), 0 error(s), 0 left on base; Albuquerque 5 - Santa Monica 4 |
TOP OF THE 4TH |
Albuquerque Isotopes batting - Pitching for Santa Monica Bruins : LHP Nesto Pérez
|
Batting: RHB Dave Mullen
|
0-0: Ball 1-0: Called Strike 1-1: Ball 2-1: SINGLE (Groundball, 15S) (infield hit)
|
Batting: RHB Gonzalo Gil
|
0-0: Ball 1-0: Called Strike 1-1: DOUBLE (Flyball, 7LD) Dave Mullen to third
|
Batting: SHB Clint Woods
|
0-0: Ball 1-0: Ball 2-0: Ball 3-0: Base on Balls
|
Batting: RHB Nick Harris
|
0-0: Called Strike 0-1: Ball 1-1: Ball 2-1: Foul Ball, location: 2F 2-2: GRAND SLAM HOME RUN (Line Drive, 7LD), Distance : 351 ft
|
Pitching: RHP Carlos Trujillo
|
|
Batting: RHB Will Lott
|
0-0: Called Strike 0-1: Foul Ball, location: 2F 0-2: Ball 1-2: Ball 2-2: Strikes out swinging
|
Batting: LHB Bernardo Montés
|
0-0: Ball 1-0: Foul Ball, location: 2F 1-1: Called Strike 1-2: Foul Ball, location: 2F 1-2: Strikes out looking
|
Batting: LHB Fernando Ortíz
|
0-0: Foul Ball, location: 2F 0-1: Foul Ball, location: 2F 0-2: Strikes out swinging
|
Top of the 4th over - 4 run(s), 3 hit(s), 0 error(s), 0 left on base; Albuquerque 9 - Santa Monica 4 |
BOTTOM OF THE 4TH |
Santa Monica Bruins batting - Pitching for Albuquerque Isotopes : RHP Francisco Álvarez
|
Batting: SHB Chris Woods
|
0-0: Called Strike 0-1: Ball 1-1: Ball 2-1: Ball 3-1: Swinging Strike 3-2: Strikes out swinging
|
Batting: RHB Ernest Russell
|
0-0: Ball 1-0: Fly out, F9 (Flyball, 9S)
|
Batting: RHB Bonifacio Torres
|
0-0: Ball 1-0: Foul Ball, location: 2F 1-1: Foul Ball, location: 2F 1-2: Fly out, F4 (Popup, 4)
|
Bottom of the 4th over - 0 run(s), 0 hit(s), 0 error(s), 0 left on base; Albuquerque 9 - Santa Monica 4 |
TOP OF THE 5TH |
Albuquerque Isotopes batting - Pitching for Santa Monica Bruins : RHP Carlos Trujillo
|
Batting: LHB José González
|
0-0: Ball 1-0: Swinging Strike 1-1: Foul Ball, location: 2F 1-2: Strikes out swinging
|
Batting: RHB Sam Wallace
|
0-0: Ball 1-0: Foul Ball, location: 2F 1-1: Swinging Strike 1-2: Ball 2-2: Ball 3-2: Strikes out looking
|
Batting: RHB Dave Mullen
|
0-0: Ground out 4-3 (Groundball, 4)
|
Top of the 5th over - 0 run(s), 0 hit(s), 0 error(s), 0 left on base; Albuquerque 9 - Santa Monica 4 |
BOTTOM OF THE 5TH |
Santa Monica Bruins batting - Pitching for Albuquerque Isotopes : RHP Francisco Álvarez
|
Batting: LHB Francisco Medina
|
0-0: Ball 1-0: Reached on error, E4 (Groundball, 4MS)
|
Batting: RHB Roberto Cruz
|
0-0: Called Strike Francisco Medina is caught stealing 3rd base 0-1: Foul Ball, location: 2F 0-2: Foul Ball, location: 2F 0-2: Ball 1-2: Foul Ball, location: 2F 1-2: Ball 2-2: Ground out 5-3 (Groundball, 56)
|
Batting: RHB Alfredo López
|
0-0: Foul Ball, location: 2F 0-1: Ball 1-1: Called Strike 1-2: Ground out 5-3 (Groundball, 56)
|
Bottom of the 5th over - 0 run(s), 0 hit(s), 1 error(s), 0 left on base; Albuquerque 9 - Santa Monica 4 |
TOP OF THE 6TH |
Albuquerque Isotopes batting - Pitching for Santa Monica Bruins : RHP Carlos Trujillo
|
Batting: RHB Gonzalo Gil
|
0-0: Fly out, F9 (Flyball, 89M)
|
Batting: SHB Clint Woods
|
0-0: Foul Ball, location: 2F 0-1: Ball 1-1: Ball 2-1: Ball 3-1: Called Strike 3-2: Foul Ball, location: 2F 3-2: Foul Ball, location: 2F 3-2: SINGLE (Groundball, 4MD)
|
Batting: RHB Nick Harris
|
0-0: Called Strike 0-1: Ball 1-1: SINGLE (Groundball, 6D) Clint Woods to second
|
Batting: RHB Will Lott
|
0-0: Ball 1-0: Ball 2-0: Foul Ball, location: 2F 2-1: Ball 3-1: Base on Balls Clint Woods to third Nick Harris to second
|
Batting: LHB Bernardo Montés
|
0-0: Foul Ball, location: 2F 0-1: Foul Ball, location: 2F 0-2: Ball 1-2: Ball 2-2: Strikes out swinging
|
Batting: LHB Fernando Ortíz
|
0-0: Fly out, F7 (Flyball, 7S)
|
Top of the 6th over - 0 run(s), 2 hit(s), 0 error(s), 3 left on base; Albuquerque 9 - Santa Monica 4 |
BOTTOM OF THE 6TH |
Santa Monica Bruins batting - Pitching for Albuquerque Isotopes : RHP Francisco Álvarez
|
Batting: SHB Ken Hernández
|
0-0: Ball 1-0: Fly out, F7 (Line Drive, 7S)
|
Batting: RHB Johnny Williams
|
0-0: Ball 1-0: Called Strike 1-1: Ground out 4-3 (Groundball, 4)
|
Batting: LHB Ramiro Martínez
|
0-0: Ball 1-0: Ball 2-0: Ball 3-0: Called Strike 3-1: Swinging Strike 3-2: Foul Ball, location: 2F 3-2: Reached on error, E4 (Popup, 4D)
|
Batting: SHB Chris Woods
|
0-0: Ball 1-0: Ball 2-0: Fielders Choice at 2nd, 4-6 (Groundball, 34)
|
Bottom of the 6th over - 0 run(s), 0 hit(s), 1 error(s), 0 left on base; Albuquerque 9 - Santa Monica 4 |
TOP OF THE 7TH |
Albuquerque Isotopes batting - Pitching for Santa Monica Bruins : RHP Carlos Trujillo
|
Pitching: LHP Don Sutherland
|
|
Batting: LHB José González
|
0-0: Ball 1-0: Ball 2-0: Ground out 1-3 (Groundball, 15)
|
Batting: RHB Sam Wallace
|
0-0: Called Strike 0-1: Ball 1-1: Fly out, F8 (Flyball, 8LS)
|
Batting: RHB Dave Mullen
|
0-0: Ball 1-0: Ball 2-0: Called Strike 2-1: Called Strike 2-2: Strikes out swinging
|
Top of the 7th over - 0 run(s), 0 hit(s), 0 error(s), 0 left on base; Albuquerque 9 - Santa Monica 4 |
BOTTOM OF THE 7TH |
Santa Monica Bruins batting - Pitching for Albuquerque Isotopes : RHP Francisco Álvarez
|
Batting: RHB Ernest Russell
|
0-0: Called Strike 0-1: Ball 1-1: Ball 2-1: Foul Ball, location: 2F 2-2: Ball 3-2: SINGLE (Flyball, 9LS)
|
Pitching: RHP Mike Frank
|
|
Batting: RHB Bonifacio Torres
|
0-0: Ball 1-0: Ball 2-0: Grounds into double play, 6-4-3 (Groundball, 6)
|
Batting: LHB Francisco Medina
|
0-0: Foul Ball, location: 2F 0-1: Called Strike 0-2: DOUBLE (Line Drive, 9D)
|
Batting: RHB Roberto Cruz
|
0-0: Swinging Strike 0-1: Foul Ball, location: 2F 0-2: Strikes out looking
|
Bottom of the 7th over - 0 run(s), 2 hit(s), 0 error(s), 1 left on base; Albuquerque 9 - Santa Monica 4 |
TOP OF THE 8TH |
Albuquerque Isotopes batting - Pitching for Santa Monica Bruins : LHP Don Sutherland
|
Batting: RHB Gonzalo Gil
|
0-0: Ball 1-0: Swinging Strike 1-1: Ball 2-1: Fly out, F7 (Line Drive, 7)
|
Batting: SHB Clint Woods
|
0-0: Ball 1-0: Called Strike 1-1: Fly out, F9 (Flyball, 9S)
|
Batting: RHB Nick Harris
|
0-0: Swinging Strike 0-1: Ball 1-1: Ball 2-1: Foul Ball, location: 2F 2-2: Foul Ball, location: 2F 2-2: SINGLE (Groundball, 6) (infield hit)
|
Batting: RHB Will Lott
|
0-0: Foul Ball, location: 2F 0-1: Foul Ball, location: 2F 0-2: Foul Ball, location: 2F 0-2: 2-RUN HOME RUN (Flyball, 8LXD), Distance : 413 ft
|
Batting: LHB Bernardo Montés
|
0-0: Called Strike 0-1: Ball 1-1: Ball 2-1: Foul Ball, location: 2F 2-2: Foul Ball, location: 2F 2-2: Ground out 3-1 (Groundball, 34)
|
Top of the 8th over - 2 run(s), 2 hit(s), 0 error(s), 0 left on base; Albuquerque 11 - Santa Monica 4 |
BOTTOM OF THE 8TH |
Santa Monica Bruins batting - Pitching for Albuquerque Isotopes : RHP Mike Frank
|
Now at 1B: Jesse McKnight
|
|
Now in LF: A.J. Major
|
|
Batting: RHB Alfredo López
|
0-0: Called Strike 0-1: Ball 1-1: Swinging Strike 1-2: Ball 2-2: Strikes out swinging
|
Batting: SHB Ken Hernández
|
0-0: Ball 1-0: Called Strike 1-1: Ball 2-1: Ball 3-1: Base on Balls
|
Batting: RHB Johnny Williams
|
0-0: Called Strike 0-1: Ball 1-1: Called Strike 1-2: Strikes out swinging
|
Batting: LHB Ramiro Martínez
|
0-0: Swinging Strike 0-1: Called Strike 0-2: Ball 1-2: Reached via error on a dropped throw, E1 Ken Hernández to second
|
Batting: SHB Chris Woods
|
0-0: Ball 1-0: Foul Ball, location: 2F 1-1: SINGLE (Line Drive, 56) Ken Hernández to third Ramiro Martínez to second Runner from 3rd tries for Home, SAFE, no throw
|
Batting: RHB Ernest Russell
|
0-0: Ball 1-0: Ball 2-0: Ground out 2-3 (Groundball, 2R)
|
Bottom of the 8th over - 1 run(s), 1 hit(s), 1 error(s), 2 left on base; Albuquerque 11 - Santa Monica 5 |
TOP OF THE 9TH |
Albuquerque Isotopes batting - Pitching for Santa Monica Bruins : LHP Don Sutherland
|
Batting: LHB Fernando Ortíz
|
0-0: Called Strike 0-1: Called Strike 0-2: Ball 1-2: Strikes out swinging
|
Batting: LHB José González
|
0-0: SINGLE (Groundball, 34D)
|
Batting: RHB Sam Wallace
|
0-0: Called Strike 0-1: Ball 1-1: Ball 2-1: Called Strike 2-2: Foul Ball, location: 2F 2-2: Foul Ball, location: 2F 2-2: Foul Ball, location: 2F 2-2: Strikes out swinging
|
Batting: RHB Dave Mullen
|
0-0: Swinging Strike 0-1: Foul Ball, location: 2F 0-2: Ball 1-2: 2-RUN HOME RUN (Flyball, 8RXD), Distance : 411 ft
|
Batting: RHB Gonzalo Gil
|
0-0: Called Strike 0-1: Ground out 1-3 (Groundball, 13S)
|
Top of the 9th over - 2 run(s), 2 hit(s), 0 error(s), 0 left on base; Albuquerque 13 - Santa Monica 5 |
BOTTOM OF THE 9TH |
Santa Monica Bruins batting - Pitching for Albuquerque Isotopes : RHP Mike Frank
|
Now at 2B: Raúl Bauza
|
|
Now at SS: Luis Martínez
|
|
Batting: RHB Bonifacio Torres
|
0-0: Ball 1-0: Ball 2-0: Ball 3-0: Base on Balls
|
Pitching: RHP Xavier Castańera
|
|
Batting: LHB Francisco Medina
|
0-0: Ball 1-0: Ball 2-0: Ball 3-0: Called Strike 3-1: Base on Balls Bonifacio Torres to second
|
Batting: RHB Roberto Cruz
|
0-0: Ball 1-0: Swinging Strike 1-1: SINGLE (Line Drive, 56D) Bonifacio Torres to third Francisco Medina to second
|
Batting: RHB Alfredo López
|
0-0: Ball 1-0: Called Strike 1-1: Ball 2-1: Foul Ball, location: 2F 2-2: Ball 3-2: Strikes out swinging
|
Batting: SHB Ken Hernández
|
0-0: Ball 1-0: Foul Ball, location: 2F 1-1: Foul Ball, location: 2F 1-2: Ball 2-2: Foul Ball, location: 2F 2-2: Ball 3-2: Grounds into double play, 5-4-3 (Groundball, 56)
|
Bottom of the 9th over - 0 run(s), 1 hit(s), 0 error(s), 2 left on base; Albuquerque 13 - Santa Monica 5 |
|